 Dungeon Crawl Stone Soup version 0.22-a0-460-g49b1da7 (webtiles) character file.

99 Cunctator the Digger (level 4, -9/24 HPs)
             Began as a Gargoyle Earth Elementalist on June 9, 2018.
             Killed from afar by Cunctator's ghost (18 damage)
             ... with a stone arrow
             ... on level 3 of the Dungeon.
             The game lasted 00:08:06 (3723 turns).

Cunctator the Digger (Gargoyle Earth Elementalist)  Turns: 3723, Time: 00:08:07

Health: -9/24      AC:  5    Str: 11    XL:     4   Next: 72%
Magic:  1/8        EV: 12    Int: 17    God:
Gold:   107        SH:  0    Dex: 10    Spells: 5/9 levels left

rFire    . . .     SeeInvis .   q - +0 mace
rCold    . . .     Gourm    .   (no shield)
rNeg     + . .     Faith    .   c - +0 robe
rPois    ∞         Spirit   .   (no helmet)
rElec    +         Reflect  .   (no cloak)
rCorr    .         Harm     .   (no gloves)
MR       .....                  (no boots)
Stlth    ++........             (no amulet)
HPRegen  0.08/turn              (no ring)
MPRegen  0.11/turn              (no ring)

@: no status effects
A: negative energy resistance 1, electricity resistance, unbreathing,
petrification resistance, rot immunity, AC +3
a: no special abilities


You were on level 3 of the Dungeon.
You were not hungry.

You visited 1 branch of the dungeon, and saw 3 of its levels.

You collected 107 gold pieces.

Inventory:

Hand Weapons
 e - a +0 club
 q - a +0 mace (weapon)
Missiles
 b - 83 stones (quivered)
 j - 20 sling bullets
Armour
 c - a +0 robe (worn)
 k - a cursed +0 leather armour
Jewellery
 g - a +5 ring of evasion {unknown}
 s - an uncursed ring of wizardry {unknown}
Wands
 r - a wand of polymorph (9)
Scrolls
 i - a scroll of blinking {unknown}
 l - 2 scrolls of enchant armour {unknown}
 o - a scroll of remove curse {unknown}
Potions
 a - 2 potions of curing {unknown}
 f - a potion of brilliance {unknown}
 h - a potion of might {unknown}
 m - a potion of agility {unknown}
 n - 2 potions of heal wounds {unknown}
Comestibles
 d - 5 rations
 p - 2 chunks of flesh


   Skills:
 - Level 1.5 Dodging
 - Level 2.1 Stealth
 + Level 3.3 Spellcasting
   Level 0.7 Transmutations
 + Level 5.3 Earth Magic


You had 5 spell levels left.
You knew the following spells:

 Your Spells              Type           Power        Failure   Level  Hunger
a - Sandblast             Erth           ###...       1%          1    None
b - Stone Arrow           Conj/Erth      ##....       17%         3    ###....

Your spell library contained the following spells:

 Spells                   Type           Power        Failure   Level  Hunger
 Passwall                 Tmut/Erth      ##......     8%          2    ##.....
 Lee's Rapid Deconstruct  Erth           ###.......   47%         5    ######.
 Petrify                  Tmut/Erth      ##......     43%         4    ####...


Dungeon Overview and Level Annotations

Branches:
Dungeon (3/15)

Altars:
Ashenzari
Gozag
Nemelex Xobeh
Ru
Trog

Annotations:
D:3 exclusion: upstairs, Cunctator's ghost, amateur GrEE; Ijyb


Innate Abilities, Weirdness & Mutations

You are resistant to torment.
Your stone body is resilient. (AC +3)
You are immune to poison.
You resist negative energy. (rN+)
You are resistant to electric shocks. (rElec)
You can survive without breathing.
You are immune to petrification.
You are immune to rotting.


Message History

Casting: Sandblast (safe; 1% risk of failure)
Confirm with . or Enter, or press ? or * to list all spells.
Aiming: Sandblast (safe; 1% risk of failure)
Press: ? - help, Shift-Dir - straight line, f/p - Cunctator's ghost
Aim: Cunctator's ghost (severely damaged)
The blast of sand hits Cunctator's ghost.
Cunctator's ghost is almost destroyed.
b - 83 stones Cunctator's ghost hits you.
You hit Cunctator's ghost but do no damage.
Cunctator's ghost is almost destroyed.
Cunctator's ghost hits you.
You hit Cunctator's ghost but do no damage.
Cunctator's ghost is almost destroyed.
Cunctator's ghost hits you.
Cunctator's ghost shrieks, "They lied to you.
The Dungeon just goes down and down forever."
Cunctator's ghost gestures at you while chanting.
The stone arrow hits you!
Ouch! That really hurt!
You die...

###..# #.....# #....#...#.#
§##..# #.....# #....#...#.#
###..# #.....#####....#...#.#
###..####..............#.g<#.###
###.........####..#....(.......##
###..............................
#...........####..##.##....######
............####..#...........#
#.............##@.....##.#.##.#
#.....###......#...........# ..
#.....# #......#W.....##...# #
#.....# #......#..#.#####..#
#.....# #......#.?#.# ..# #######
##..##.#..#.$ #..# .#...... #..#
........ ..# ##...#####


You could see Cunctator's ghost.

Vanquished Creatures
  A gnoll (D:1)
  2 adders (D:3)
  2 worms (D:2)
  A dart slug (D:2)
  2 leopard geckos
  A ball python (D:2)
  4 bats
  3 giant cockroaches
  12 goblins
  11 hobgoblins
  4 jackals
  2 quokkas (D:2)
  2 frilled lizards
  3 kobolds
  5 rats
55 creatures vanquished.

Notes
Turn   | Place    | Note
-------+----------+-------------------------------------------
     0 | D:1      | Cunctator the Gargoyle Earth Elementalist began the quest for the Orb.
     0 | D:1      | Reached XP level 1. HP: 10/10 MP: 3/3
   389 | D:1      | Reached skill level 4 in Earth Magic
   570 | D:1      | Reached XP level 2. HP: 10/15 MP: 5/5
   682 | D:1      | Reached XP level 3. HP: 19/19 MP: 1/6
   687 | D:1      | Learned a level 3 spell: Stone Arrow
  1733 | D:2      | Found a sacrificial altar of Ru.
  1996 | D:2      | Found a shattered altar of Ashenzari.
  2310 | D:2      | Reached XP level 4. HP: 24/24 MP: 5/8
  2387 | D:2      | Found a bloodstained altar of Trog.
  2556 | D:2      | Reached skill level 5 in Earth Magic
  2705 | D:2      | Found an opulent altar of Gozag.
  3161 | D:3      | Noticed Ijyb
  3434 | D:3      | Noticed Cunctator's ghost (amateur GrEE)
  3604 | D:3      | Found a sparkling altar of Nemelex Xobeh.
  3723 | D:3      | Killed from afar by Cunctator's ghost

Vault maps used:
D:1:      sevenhm_arrival_forest_fort_large_3
D:2:      lightli_temple_of_fire, old_standard_altar, lemuel_crystal_altar,
          serial_forest, infiniplex_forest_straight_2,
          infiniplex_forest_clump_small, infiniplex_forest_pool,
          infiniplex_forest_straight_5, first_ration,
          nicolae_ru_sacrificial_ziggurat
D:3:      nemelex_altar_shiori, uniq_ijyb, uniq_robin

Skill      XL: |  1  2  3  4 |
---------------+-------------+-----
Earth Magic    | 4 5 |  5.3
Spellcasting   | 3 |  3.3
Dodging        | |  1.5
Stealth        | |  2.1
Transmutations | |  0.7

Action                   |  1- 3 |  4- 6 || total
-------------------------+-------+-------++-------
Melee: Unarmed           |    44 |       ||    44
       Club              |    66 |    80 ||   146
       Mace              |       |    21 ||    21
 Cast: Sandblast         |    23 |    15 ||    38
       Stone Arrow       |     2 |     5 ||     7
 Stab: Sleeping          |     6 |     1 ||     7
  Eat: Chunk             |     5 |     5 ||    10
Armor: Robe              |    48 |    44 ||    92
Dodge: Dodged            |    96 |   100 ||   196

Table legend:
 A = Spawn XP
 B = Non-spawn XP
 C = Spawn XP percentage of total XP
 D = Spawn monster count
 E = Non-spawn monster count
 F = Spawn count percentage of total count
 G = Total turns spent on level
                    A         B        C        D         E        F      G
               +---------+---------+-------+---------+---------+-------+---------
         Total |       0 |     142 |   0.0 |       0 |      55 |   0.0 |  3723
               +---------+---------+-------+---------+---------+-------+---------
           D:1 |       0 |      55 |   0.0 |       0 |      25 |   0.0 |  1720
           D:2 |       0 |      45 |   0.0 |       0 |      20 |   0.0 |  1501
           D:3 |       0 |      42 |   0.0 |       0 |      10 |   0.0 |   502
               +---------+---------+-------+---------+---------+-------+---------
